%YAML 1.1
%TAG !u! tag:unity3d.com,2011:
--- !u!1 &1265919720342792709
GameObject:
  m_ObjectHideFlags: 0
  m_CorrespondingSourceObject: {fileID: 0}
  m_PrefabInstance: {fileID: 0}
  m_PrefabAsset: {fileID: 0}
  serializedVersion: 6
  m_Component:
  - component: {fileID: 8335685978448633586}
  m_Layer: 5
  m_Name: Credit
  m_TagString: Untagged
  m_Icon: {fileID: 0}
  m_NavMeshLayer: 0
  m_StaticEditorFlags: 0
  m_IsActive: 0
--- !u!224 &8335685978448633586
RectTransform:
  m_ObjectHideFlags: 0
  m_CorrespondingSourceObject: {fileID: 0}
  m_PrefabInstance: {fileID: 0}
  m_PrefabAsset: {fileID: 0}
  m_GameObject: {fileID: 1265919720342792709}
  m_LocalRotation: {x: 0, y: 0, z: 0, w: 1}
  m_LocalPosition: {x: 0, y: 0, z: 0}
  m_LocalScale: {x: 1, y: 1, z: 1}
  m_ConstrainProportionsScale: 0
  m_Children:
  - {fileID: 5370684059254673134}
  - {fileID: 6168474887658275686}
  m_Father: {fileID: 2197190352841924648}
  m_RootOrder: 1
  m_LocalEulerAnglesHint: {x: 0, y: 0, z: 0}
  m_AnchorMin: {x: 0.5, y: 0.5}
  m_AnchorMax: {x: 0.5, y: 0.5}
  m_AnchoredPosition: {x: 0, y: 0}
  m_SizeDelta: {x: 100, y: 100}
  m_Pivot: {x: 0.5, y: 0.5}
--- !u!1 &2197190352736602827
GameObject:
  m_ObjectHideFlags: 0
  m_CorrespondingSourceObject: {fileID: 0}
  m_PrefabInstance: {fileID: 0}
  m_PrefabAsset: {fileID: 0}
  serializedVersion: 6
  m_Component:
  - component: {fileID: 2197190352736602824}
  - component: {fileID: 2197190352736602830}
  - component: {fileID: 2197190352736602825}
  m_Layer: 5
  m_Name: Panel
  m_TagString: Untagged
  m_Icon: {fileID: 0}
  m_NavMeshLayer: 0
  m_StaticEditorFlags: 0
  m_IsActive: 1
--- !u!224 &2197190352736602824
RectTransform:
  m_ObjectHideFlags: 0
  m_CorrespondingSourceObject: {fileID: 0}
  m_PrefabInstance: {fileID: 0}
  m_PrefabAsset: {fileID: 0}
  m_GameObject: {fileID: 2197190352736602827}
  m_LocalRotation: {x: 0, y: 0, z: 0, w: 1}
  m_LocalPosition: {x: 0, y: 0, z: 0}
  m_LocalScale: {x: 1, y: 1, z: 1}
  m_ConstrainProportionsScale: 0
  m_Children: []
  m_Father: {fileID: 2197190352841924648}
  m_RootOrder: 0
  m_LocalEulerAnglesHint: {x: 0, y: 0, z: 0}
  m_AnchorMin: {x: 0, y: 0}
  m_AnchorMax: {x: 1, y: 1}
  m_AnchoredPosition: {x: 0, y: 0}
  m_SizeDelta: {x: 0, y: 0}
  m_Pivot: {x: 0.5, y: 0.5}
--- !u!222 &2197190352736602830
CanvasRenderer:
  m_ObjectHideFlags: 0
  m_CorrespondingSourceObject: {fileID: 0}
  m_PrefabInstance: {fileID: 0}
  m_PrefabAsset: {fileID: 0}
  m_GameObject: {fileID: 2197190352736602827}
  m_CullTransparentMesh: 1
--- !u!114 &2197190352736602825
MonoBehaviour:
  m_ObjectHideFlags: 0
  m_CorrespondingSourceObject: {fileID: 0}
  m_PrefabInstance: {fileID: 0}
  m_PrefabAsset: {fileID: 0}
  m_GameObject: {fileID: 2197190352736602827}
  m_Enabled: 1
  m_EditorHideFlags: 0
  m_Script: {fileID: 11500000, guid: fe87c0e1cc204ed48ad3b37840f39efc, type: 3}
  m_Name: 
  m_EditorClassIdentifier: 
  m_Material: {fileID: 0}
  m_Color: {r: 0, g: 0, b: 0, a: 1}
  m_RaycastTarget: 1
  m_RaycastPadding: {x: 0, y: 0, z: 0, w: 0}
  m_Maskable: 1
  m_OnCullStateChanged:
    m_PersistentCalls:
      m_Calls: []
  m_Sprite: {fileID: 10907, guid: 0000000000000000f000000000000000, type: 0}
  m_Type: 1
  m_PreserveAspect: 0
  m_FillCenter: 1
  m_FillMethod: 4
  m_FillAmount: 1
  m_FillClockwise: 1
  m_FillOrigin: 0
  m_UseSpriteMesh: 0
  m_PixelsPerUnitMultiplier: 1
--- !u!1 &2197190352841924644
GameObject:
  m_ObjectHideFlags: 0
  m_CorrespondingSourceObject: {fileID: 0}
  m_PrefabInstance: {fileID: 0}
  m_PrefabAsset: {fileID: 0}
  serializedVersion: 6
  m_Component:
  - component: {fileID: 2197190352841924648}
  - component: {fileID: 2197190352841924651}
  - component: {fileID: 2197190352841924650}
  - component: {fileID: 2197190352841924645}
  m_Layer: 5
  m_Name: TransitionScreen
  m_TagString: Untagged
  m_Icon: {fileID: 0}
  m_NavMeshLayer: 0
  m_StaticEditorFlags: 0
  m_IsActive: 1
--- !u!224 &2197190352841924648
RectTransform:
  m_ObjectHideFlags: 0
  m_CorrespondingSourceObject: {fileID: 0}
  m_PrefabInstance: {fileID: 0}
  m_PrefabAsset: {fileID: 0}
  m_GameObject: {fileID: 2197190352841924644}
  m_LocalRotation: {x: 0, y: 0, z: 0, w: 1}
  m_LocalPosition: {x: 0, y: 0, z: 0}
  m_LocalScale: {x: 0, y: 0, z: 0}
  m_ConstrainProportionsScale: 0
  m_Children:
  - {fileID: 2197190352736602824}
  - {fileID: 8335685978448633586}
  m_Father: {fileID: 7471835706778900661}
  m_RootOrder: 1
  m_LocalEulerAnglesHint: {x: 0, y: 0, z: 0}
  m_AnchorMin: {x: 0, y: 0}
  m_AnchorMax: {x: 0, y: 0}
  m_AnchoredPosition: {x: 0, y: 0}
  m_SizeDelta: {x: 0, y: 0}
  m_Pivot: {x: 0, y: 0}
--- !u!223 &2197190352841924651
Canvas:
  m_ObjectHideFlags: 0
  m_CorrespondingSourceObject: {fileID: 0}
  m_PrefabInstance: {fileID: 0}
  m_PrefabAsset: {fileID: 0}
  m_GameObject: {fileID: 2197190352841924644}
  m_Enabled: 1
  serializedVersion: 3
  m_RenderMode: 0
  m_Camera: {fileID: 0}
  m_PlaneDistance: 100
  m_PixelPerfect: 0
  m_ReceivesEvents: 1
  m_OverrideSorting: 0
  m_OverridePixelPerfect: 0
  m_SortingBucketNormalizedSize: 0
  m_AdditionalShaderChannelsFlag: 0
  m_SortingLayerID: 0
  m_SortingOrder: 1
  m_TargetDisplay: 0
--- !u!114 &2197190352841924650
MonoBehaviour:
  m_ObjectHideFlags: 0
  m_CorrespondingSourceObject: {fileID: 0}
  m_PrefabInstance: {fileID: 0}
  m_PrefabAsset: {fileID: 0}
  m_GameObject: {fileID: 2197190352841924644}
  m_Enabled: 1
  m_EditorHideFlags: 0
  m_Script: {fileID: 11500000, guid: 0cd44c1031e13a943bb63640046fad76, type: 3}
  m_Name: 
  m_EditorClassIdentifier: 
  m_UiScaleMode: 1
  m_ReferencePixelsPerUnit: 100
  m_ScaleFactor: 1
  m_ReferenceResolution: {x: 1920, y: 1080}
  m_ScreenMatchMode: 0
  m_MatchWidthOrHeight: 0.5
  m_PhysicalUnit: 3
  m_FallbackScreenDPI: 96
  m_DefaultSpriteDPI: 96
  m_DynamicPixelsPerUnit: 1
  m_PresetInfoIsWorld: 0
--- !u!114 &2197190352841924645
MonoBehaviour:
  m_ObjectHideFlags: 0
  m_CorrespondingSourceObject: {fileID: 0}
  m_PrefabInstance: {fileID: 0}
  m_PrefabAsset: {fileID: 0}
  m_GameObject: {fileID: 2197190352841924644}
  m_Enabled: 1
  m_EditorHideFlags: 0
  m_Script: {fileID: 11500000, guid: dc42784cf147c0c48a680349fa168899, type: 3}
  m_Name: 
  m_EditorClassIdentifier: 
  m_IgnoreReversedGraphics: 1
  m_BlockingObjects: 0
  m_BlockingMask:
    serializedVersion: 2
    m_Bits: 4294967295
--- !u!1 &3929163303752693895
GameObject:
  m_ObjectHideFlags: 0
  m_CorrespondingSourceObject: {fileID: 0}
  m_PrefabInstance: {fileID: 0}
  m_PrefabAsset: {fileID: 0}
  serializedVersion: 6
  m_Component:
  - component: {fileID: 7471835706778900661}
  m_Layer: 0
  m_Name: 06. BossBattle
  m_TagString: Untagged
  m_Icon: {fileID: 0}
  m_NavMeshLayer: 0
  m_StaticEditorFlags: 0
  m_IsActive: 1
--- !u!4 &7471835706778900661
Transform:
  m_ObjectHideFlags: 0
  m_CorrespondingSourceObject: {fileID: 0}
  m_PrefabInstance: {fileID: 0}
  m_PrefabAsset: {fileID: 0}
  m_GameObject: {fileID: 3929163303752693895}
  m_LocalRotation: {x: 0, y: 0, z: 0, w: 1}
  m_LocalPosition: {x: 0, y: 0, z: 0}
  m_LocalScale: {x: 1, y: 1, z: 1}
  m_ConstrainProportionsScale: 0
  m_Children:
  - {fileID: 7468862355421897100}
  - {fileID: 2197190352841924648}
  - {fileID: 7518917043550741237}
  m_Father: {fileID: 0}
  m_RootOrder: 0
  m_LocalEulerAnglesHint: {x: 0, y: 0, z: 0}
--- !u!1 &7031010738631031180
GameObject:
  m_ObjectHideFlags: 0
  m_CorrespondingSourceObject: {fileID: 0}
  m_PrefabInstance: {fileID: 0}
  m_PrefabAsset: {fileID: 0}
  serializedVersion: 6
  m_Component:
  - component: {fileID: 6168474887658275686}
  - component: {fileID: 899019872813674133}
  - component: {fileID: 2743670800743042201}
  m_Layer: 5
  m_Name: Panel (1)
  m_TagString: Untagged
  m_Icon: {fileID: 0}
  m_NavMeshLayer: 0
  m_StaticEditorFlags: 0
  m_IsActive: 1
--- !u!224 &6168474887658275686
RectTransform:
  m_ObjectHideFlags: 0
  m_CorrespondingSourceObject: {fileID: 0}
  m_PrefabInstance: {fileID: 0}
  m_PrefabAsset: {fileID: 0}
  m_GameObject: {fileID: 7031010738631031180}
  m_LocalRotation: {x: -0, y: -0, z: -0, w: 1}
  m_LocalPosition: {x: 0, y: 0, z: 0}
  m_LocalScale: {x: 1, y: 1, z: 1}
  m_ConstrainProportionsScale: 0
  m_Children: []
  m_Father: {fileID: 8335685978448633586}
  m_RootOrder: 1
  m_LocalEulerAnglesHint: {x: 0, y: 0, z: 0}
  m_AnchorMin: {x: 0, y: 0}
  m_AnchorMax: {x: 1, y: 1}
  m_AnchoredPosition: {x: 0, y: 0}
  m_SizeDelta: {x: 1820, y: 980}
  m_Pivot: {x: 0.5, y: 0.5}
--- !u!222 &899019872813674133
CanvasRenderer:
  m_ObjectHideFlags: 0
  m_CorrespondingSourceObject: {fileID: 0}
  m_PrefabInstance: {fileID: 0}
  m_PrefabAsset: {fileID: 0}
  m_GameObject: {fileID: 7031010738631031180}
  m_CullTransparentMesh: 1
--- !u!114 &2743670800743042201
MonoBehaviour:
  m_ObjectHideFlags: 0
  m_CorrespondingSourceObject: {fileID: 0}
  m_PrefabInstance: {fileID: 0}
  m_PrefabAsset: {fileID: 0}
  m_GameObject: {fileID: 7031010738631031180}
  m_Enabled: 1
  m_EditorHideFlags: 0
  m_Script: {fileID: 11500000, guid: fe87c0e1cc204ed48ad3b37840f39efc, type: 3}
  m_Name: 
  m_EditorClassIdentifier: 
  m_Material: {fileID: 0}
  m_Color: {r: 0, g: 0, b: 0, a: 1}
  m_RaycastTarget: 1
  m_RaycastPadding: {x: 0, y: 0, z: 0, w: 0}
  m_Maskable: 1
  m_OnCullStateChanged:
    m_PersistentCalls:
      m_Calls: []
  m_Sprite: {fileID: 10907, guid: 0000000000000000f000000000000000, type: 0}
  m_Type: 1
  m_PreserveAspect: 0
  m_FillCenter: 1
  m_FillMethod: 4
  m_FillAmount: 1
  m_FillClockwise: 1
  m_FillOrigin: 0
  m_UseSpriteMesh: 0
  m_PixelsPerUnitMultiplier: 1
--- !u!1 &7864220964667389870
GameObject:
  m_ObjectHideFlags: 0
  m_CorrespondingSourceObject: {fileID: 0}
  m_PrefabInstance: {fileID: 0}
  m_PrefabAsset: {fileID: 0}
  serializedVersion: 6
  m_Component:
  - component: {fileID: 7468862355421897100}
  m_Layer: 0
  m_Name: Flowcharts
  m_TagString: Untagged
  m_Icon: {fileID: 0}
  m_NavMeshLayer: 0
  m_StaticEditorFlags: 0
  m_IsActive: 1
--- !u!4 &7468862355421897100
Transform:
  m_ObjectHideFlags: 0
  m_CorrespondingSourceObject: {fileID: 0}
  m_PrefabInstance: {fileID: 0}
  m_PrefabAsset: {fileID: 0}
  m_GameObject: {fileID: 7864220964667389870}
  m_LocalRotation: {x: 0, y: 0, z: 0, w: 1}
  m_LocalPosition: {x: 0, y: 0, z: 0}
  m_LocalScale: {x: 1, y: 1, z: 1}
  m_ConstrainProportionsScale: 0
  m_Children:
  - {fileID: 6497055363262071125}
  - {fileID: 7922979400677075918}
  - {fileID: 7098785015012958966}
  m_Father: {fileID: 7471835706778900661}
  m_RootOrder: 0
  m_LocalEulerAnglesHint: {x: 0, y: 0, z: 0}
--- !u!1001 &153362989548958906
PrefabInstance:
  m_ObjectHideFlags: 0
  serializedVersion: 2
  m_Modification:
    m_TransformParent: {fileID: 7468862355421897100}
    m_Modifications:
    - target: {fileID: 3657573509897799636, guid: 16cd9ebf31d84144d87bad630bca65c9, type: 3}
      propertyPath: selectedCommands.Array.size
      value: 1
      objectReference: {fileID: 0}
    - target: {fileID: 3657573509897799636, guid: 16cd9ebf31d84144d87bad630bca65c9, type: 3}
      propertyPath: selectedCommands.Array.data[0]
      value: 
      objectReference: {fileID: 771938349821667119}
    - target: {fileID: 6963455145778042444, guid: 16cd9ebf31d84144d87bad630bca65c9, type: 3}
      propertyPath: m_RootOrder
      value: 2
      objectReference: {fileID: 0}
    - target: {fileID: 6963455145778042444, guid: 16cd9ebf31d84144d87bad630bca65c9, type: 3}
      propertyPath: m_LocalPosition.x
      value: 0
      objectReference: {fileID: 0}
    - target: {fileID: 6963455145778042444, guid: 16cd9ebf31d84144d87bad630bca65c9, type: 3}
      propertyPath: m_LocalPosition.y
      value: 0
      objectReference: {fileID: 0}
    - target: {fileID: 6963455145778042444, guid: 16cd9ebf31d84144d87bad630bca65c9, type: 3}
      propertyPath: m_LocalPosition.z
      value: 0
      objectReference: {fileID: 0}
    - target: {fileID: 6963455145778042444, guid: 16cd9ebf31d84144d87bad630bca65c9, type: 3}
      propertyPath: m_LocalRotation.w
      value: 1
      objectReference: {fileID: 0}
    - target: {fileID: 6963455145778042444, guid: 16cd9ebf31d84144d87bad630bca65c9, type: 3}
      propertyPath: m_LocalRotation.x
      value: 0
      objectReference: {fileID: 0}
    - target: {fileID: 6963455145778042444, guid: 16cd9ebf31d84144d87bad630bca65c9, type: 3}
      propertyPath: m_LocalRotation.y
      value: 0
      objectReference: {fileID: 0}
    - target: {fileID: 6963455145778042444, guid: 16cd9ebf31d84144d87bad630bca65c9, type: 3}
      propertyPath: m_LocalRotation.z
      value: 0
      objectReference: {fileID: 0}
    - target: {fileID: 6963455145778042444, guid: 16cd9ebf31d84144d87bad630bca65c9, type: 3}
      propertyPath: m_LocalEulerAnglesHint.x
      value: 0
      objectReference: {fileID: 0}
    - target: {fileID: 6963455145778042444, guid: 16cd9ebf31d84144d87bad630bca65c9, type: 3}
      propertyPath: m_LocalEulerAnglesHint.y
      value: 0
      objectReference: {fileID: 0}
    - target: {fileID: 6963455145778042444, guid: 16cd9ebf31d84144d87bad630bca65c9, type: 3}
      propertyPath: m_LocalEulerAnglesHint.z
      value: 0
      objectReference: {fileID: 0}
    - target: {fileID: 8953412934287627602, guid: 16cd9ebf31d84144d87bad630bca65c9, type: 3}
      propertyPath: nodeRect.x
      value: 211.89957
      objectReference: {fileID: 0}
    - target: {fileID: 8953412934287627602, guid: 16cd9ebf31d84144d87bad630bca65c9, type: 3}
      propertyPath: commandList.Array.size
      value: 20
      objectReference: {fileID: 0}
    - target: {fileID: 8953412934287627602, guid: 16cd9ebf31d84144d87bad630bca65c9, type: 3}
      propertyPath: commandList.Array.data[1]
      value: 
      objectReference: {fileID: 6100259820235944853}
    - target: {fileID: 8953412934287627602, guid: 16cd9ebf31d84144d87bad630bca65c9, type: 3}
      propertyPath: commandList.Array.data[2]
      value: 
      objectReference: {fileID: 1784753068853459135}
    - target: {fileID: 8953412934287627602, guid: 16cd9ebf31d84144d87bad630bca65c9, type: 3}
      propertyPath: commandList.Array.data[3]
      value: 
      objectReference: {fileID: 7622920669615125918}
    - target: {fileID: 8953412934287627602, guid: 16cd9ebf31d84144d87bad630bca65c9, type: 3}
      propertyPath: commandList.Array.data[4]
      value: 
      objectReference: {fileID: 4112891105252110787}
    - target: {fileID: 8953412934287627602, guid: 16cd9ebf31d84144d87bad630bca65c9, type: 3}
      propertyPath: commandList.Array.data[5]
      value: 
      objectReference: {fileID: 6793339532319441359}
    - target: {fileID: 8953412934287627602, guid: 16cd9ebf31d84144d87bad630bca65c9, type: 3}
      propertyPath: commandList.Array.data[6]
      value: 
      objectReference: {fileID: 3015576200792156683}
    - target: {fileID: 8953412934287627602, guid: 16cd9ebf31d84144d87bad630bca65c9, type: 3}
      propertyPath: commandList.Array.data[7]
      value: 
      objectReference: {fileID: 196994618182328918}
    - target: {fileID: 8953412934287627602, guid: 16cd9ebf31d84144d87bad630bca65c9, type: 3}
      propertyPath: commandList.Array.data[8]
      value: 
      objectReference: {fileID: 3767286272823472655}
    - target: {fileID: 8953412934287627602, guid: 16cd9ebf31d84144d87bad630bca65c9, type: 3}
      propertyPath: commandList.Array.data[9]
      value: 
      objectReference: {fileID: 851735339360291530}
    - target: {fileID: 8953412934287627602, guid: 16cd9ebf31d84144d87bad630bca65c9, type: 3}
      propertyPath: commandList.Array.data[10]
      value: 
      objectReference: {fileID: 746501671548747159}
    - target: {fileID: 8953412934287627602, guid: 16cd9ebf31d84144d87bad630bca65c9, type: 3}
      propertyPath: commandList.Array.data[11]
      value: 
      objectReference: {fileID: 3909084521253069763}
    - target: {fileID: 8953412934287627602, guid: 16cd9ebf31d84144d87bad630bca65c9, type: 3}
      propertyPath: commandList.Array.data[12]
      value: 
      objectReference: {fileID: 5201401398973818875}
    - target: {fileID: 8953412934287627602, guid: 16cd9ebf31d84144d87bad630bca65c9, type: 3}
      propertyPath: commandList.Array.data[13]
      value: 
      objectReference: {fileID: 1257905420146363740}
    - target: {fileID: 8953412934287627602, guid: 16cd9ebf31d84144d87bad630bca65c9, type: 3}
      propertyPath: commandList.Array.data[14]
      value: 
      objectReference: {fileID: 3661119906397520519}
    - target: {fileID: 8953412934287627602, guid: 16cd9ebf31d84144d87bad630bca65c9, type: 3}
      propertyPath: commandList.Array.data[15]
      value: 
      objectReference: {fileID: 1863661459729302662}
    - target: {fileID: 8953412934287627602, guid: 16cd9ebf31d84144d87bad630bca65c9, type: 3}
      propertyPath: commandList.Array.data[16]
      value: 
      objectReference: {fileID: 1632407441724602446}
    - target: {fileID: 8953412934287627602, guid: 16cd9ebf31d84144d87bad630bca65c9, type: 3}
      propertyPath: commandList.Array.data[17]
      value: 
      objectReference: {fileID: 6442838525210641717}
    - target: {fileID: 8953412934287627602, guid: 16cd9ebf31d84144d87bad630bca65c9, type: 3}
      propertyPath: commandList.Array.data[18]
      value: 
      objectReference: {fileID: 8228540081277017863}
    - target: {fileID: 8953412934287627602, guid: 16cd9ebf31d84144d87bad630bca65c9, type: 3}
      propertyPath: commandList.Array.data[19]
      value: 
      objectReference: {fileID: 771938349821667119}
    - target: {fileID: 9159503567983207819, guid: 16cd9ebf31d84144d87bad630bca65c9, type: 3}
      propertyPath: m_Name
      value: Y_Flowchart
      objectReference: {fileID: 0}
    m_RemovedComponents: []
  m_SourcePrefab: {fileID: 100100000, guid: 16cd9ebf31d84144d87bad630bca65c9, type: 3}
--- !u!114 &196994618182328918 stripped
MonoBehaviour:
  m_CorrespondingSourceObject: {fileID: 43636713891436268, guid: 16cd9ebf31d84144d87bad630bca65c9, type: 3}
  m_PrefabInstance: {fileID: 153362989548958906}
  m_PrefabAsset: {fileID: 0}
  m_GameObject: {fileID: 9024594786468630833}
  m_Enabled: 1
  m_EditorHideFlags: 0
  m_Script: {fileID: 11500000, guid: 3315ad2ebb85443909a1203d56d9344e, type: 3}
  m_Name: 
  m_EditorClassIdentifier: 
--- !u!114 &746501671548747159 stripped
MonoBehaviour:
  m_CorrespondingSourceObject: {fileID: 611576418826193197, guid: 16cd9ebf31d84144d87bad630bca65c9, type: 3}
  m_PrefabInstance: {fileID: 153362989548958906}
  m_PrefabAsset: {fileID: 0}
  m_GameObject: {fileID: 9024594786468630833}
  m_Enabled: 1
  m_EditorHideFlags: 0
  m_Script: {fileID: 11500000, guid: ec422cd568a9c4a31ad7c36d0572b9da, type: 3}
  m_Name: 
  m_EditorClassIdentifier: 
--- !u!114 &851735339360291530 stripped
MonoBehaviour:
  m_CorrespondingSourceObject: {fileID: 716391288663342704, guid: 16cd9ebf31d84144d87bad630bca65c9, type: 3}
  m_PrefabInstance: {fileID: 153362989548958906}
  m_PrefabAsset: {fileID: 0}
  m_GameObject: {fileID: 9024594786468630833}
  m_Enabled: 1
  m_EditorHideFlags: 0
  m_Script: {fileID: 11500000, guid: ec422cd568a9c4a31ad7c36d0572b9da, type: 3}
  m_Name: 
  m_EditorClassIdentifier: 
--- !u!114 &1257905420146363740 stripped
MonoBehaviour:
  m_CorrespondingSourceObject: {fileID: 1392773932601129446, guid: 16cd9ebf31d84144d87bad630bca65c9, type: 3}
  m_PrefabInstance: {fileID: 153362989548958906}
  m_PrefabAsset: {fileID: 0}
  m_GameObject: {fileID: 9024594786468630833}
  m_Enabled: 1
  m_EditorHideFlags: 0
  m_Script: {fileID: 11500000, guid: 3315ad2ebb85443909a1203d56d9344e, type: 3}
  m_Name: 
  m_EditorClassIdentifier: 
--- !u!114 &1784753068853459135 stripped
MonoBehaviour:
  m_CorrespondingSourceObject: {fileID: 1937794300902214661, guid: 16cd9ebf31d84144d87bad630bca65c9, type: 3}
  m_PrefabInstance: {fileID: 153362989548958906}
  m_PrefabAsset: {fileID: 0}
  m_GameObject: {fileID: 9024594786468630833}
  m_Enabled: 1
  m_EditorHideFlags: 0
  m_Script: {fileID: 11500000, guid: ec422cd568a9c4a31ad7c36d0572b9da, type: 3}
  m_Name: 
  m_EditorClassIdentifier: 
--- !u!114 &3015576200792156683 stripped
MonoBehaviour:
  m_CorrespondingSourceObject: {fileID: 3168740010653867697, guid: 16cd9ebf31d84144d87bad630bca65c9, type: 3}
  m_PrefabInstance: {fileID: 153362989548958906}
  m_PrefabAsset: {fileID: 0}
  m_GameObject: {fileID: 9024594786468630833}
  m_Enabled: 1
  m_EditorHideFlags: 0
  m_Script: {fileID: 11500000, guid: ec422cd568a9c4a31ad7c36d0572b9da, type: 3}
  m_Name: 
  m_EditorClassIdentifier: 
--- !u!114 &3661119906397520519 stripped
MonoBehaviour:
  m_CorrespondingSourceObject: {fileID: 3525812715118294589, guid: 16cd9ebf31d84144d87bad630bca65c9, type: 3}
  m_PrefabInstance: {fileID: 153362989548958906}
  m_PrefabAsset: {fileID: 0}
  m_GameObject: {fileID: 9024594786468630833}
  m_Enabled: 1
  m_EditorHideFlags: 0
  m_Script: {fileID: 11500000, guid: ec422cd568a9c4a31ad7c36d0572b9da, type: 3}
  m_Name: 
  m_EditorClassIdentifier: 
--- !u!114 &3767286272823472655 stripped
MonoBehaviour:
  m_CorrespondingSourceObject: {fileID: 3920608000059426485, guid: 16cd9ebf31d84144d87bad630bca65c9, type: 3}
  m_PrefabInstance: {fileID: 153362989548958906}
  m_PrefabAsset: {fileID: 0}
  m_GameObject: {fileID: 9024594786468630833}
  m_Enabled: 1
  m_EditorHideFlags: 0
  m_Script: {fileID: 11500000, guid: ec422cd568a9c4a31ad7c36d0572b9da, type: 3}
  m_Name: 
  m_EditorClassIdentifier: 
--- !u!114 &3909084521253069763 stripped
MonoBehaviour:
  m_CorrespondingSourceObject: {fileID: -5467649795893651591, guid: 16cd9ebf31d84144d87bad630bca65c9, type: 3}
  m_PrefabInstance: {fileID: 153362989548958906}
  m_PrefabAsset: {fileID: 0}
  m_GameObject: {fileID: 9024594786468630833}
  m_Enabled: 1
  m_EditorHideFlags: 0
  m_Script: {fileID: 11500000, guid: 3315ad2ebb85443909a1203d56d9344e, type: 3}
  m_Name: 
  m_EditorClassIdentifier: 
--- !u!114 &4112891105252110787 stripped
MonoBehaviour:
  m_CorrespondingSourceObject: {fileID: 4265813164323210617, guid: 16cd9ebf31d84144d87bad630bca65c9, type: 3}
  m_PrefabInstance: {fileID: 153362989548958906}
  m_PrefabAsset: {fileID: 0}
  m_GameObject: {fileID: 9024594786468630833}
  m_Enabled: 1
  m_EditorHideFlags: 0
  m_Script: {fileID: 11500000, guid: ec422cd568a9c4a31ad7c36d0572b9da, type: 3}
  m_Name: 
  m_EditorClassIdentifier: 
--- !u!114 &5201401398973818875 stripped
MonoBehaviour:
  m_CorrespondingSourceObject: {fileID: 5336710377529676609, guid: 16cd9ebf31d84144d87bad630bca65c9, type: 3}
  m_PrefabInstance: {fileID: 153362989548958906}
  m_PrefabAsset: {fileID: 0}
  m_GameObject: {fileID: 9024594786468630833}
  m_Enabled: 1
  m_EditorHideFlags: 0
  m_Script: {fileID: 11500000, guid: ec422cd568a9c4a31ad7c36d0572b9da, type: 3}
  m_Name: 
  m_EditorClassIdentifier: 
--- !u!114 &6100259820235944853 stripped
MonoBehaviour:
  m_CorrespondingSourceObject: {fileID: 6235413110497314607, guid: 16cd9ebf31d84144d87bad630bca65c9, type: 3}
  m_PrefabInstance: {fileID: 153362989548958906}
  m_PrefabAsset: {fileID: 0}
  m_GameObject: {fileID: 9024594786468630833}
  m_Enabled: 1
  m_EditorHideFlags: 0
  m_Script: {fileID: 11500000, guid: ec422cd568a9c4a31ad7c36d0572b9da, type: 3}
  m_Name: 
  m_EditorClassIdentifier: 
--- !u!114 &6793339532319441359 stripped
MonoBehaviour:
  m_CorrespondingSourceObject: {fileID: 6658027362644735349, guid: 16cd9ebf31d84144d87bad630bca65c9, type: 3}
  m_PrefabInstance: {fileID: 153362989548958906}
  m_PrefabAsset: {fileID: 0}
  m_GameObject: {fileID: 9024594786468630833}
  m_Enabled: 1
  m_EditorHideFlags: 0
  m_Script: {fileID: 11500000, guid: 3315ad2ebb85443909a1203d56d9344e, type: 3}
  m_Name: 
  m_EditorClassIdentifier: 
--- !u!4 &7098785015012958966 stripped
Transform:
  m_CorrespondingSourceObject: {fileID: 6963455145778042444, guid: 16cd9ebf31d84144d87bad630bca65c9, type: 3}
  m_PrefabInstance: {fileID: 153362989548958906}
  m_PrefabAsset: {fileID: 0}
--- !u!114 &7622920669615125918 stripped
MonoBehaviour:
  m_CorrespondingSourceObject: {fileID: 7776264263049773348, guid: 16cd9ebf31d84144d87bad630bca65c9, type: 3}
  m_PrefabInstance: {fileID: 153362989548958906}
  m_PrefabAsset: {fileID: 0}
  m_GameObject: {fileID: 9024594786468630833}
  m_Enabled: 1
  m_EditorHideFlags: 0
  m_Script: {fileID: 11500000, guid: 3315ad2ebb85443909a1203d56d9344e, type: 3}
  m_Name: 
  m_EditorClassIdentifier: 
--- !u!1 &9024594786468630833 stripped
GameObject:
  m_CorrespondingSourceObject: {fileID: 9159503567983207819, guid: 16cd9ebf31d84144d87bad630bca65c9, type: 3}
  m_PrefabInstance: {fileID: 153362989548958906}
  m_PrefabAsset: {fileID: 0}
--- !u!114 &771938349821667119
MonoBehaviour:
  m_ObjectHideFlags: 0
  m_CorrespondingSourceObject: {fileID: 0}
  m_PrefabInstance: {fileID: 0}
  m_PrefabAsset: {fileID: 0}
  m_GameObject: {fileID: 9024594786468630833}
  m_Enabled: 1
  m_EditorHideFlags: 0
  m_Script: {fileID: 11500000, guid: 5c6dd8d3a780f4d1ea772e3daf10c372, type: 3}
  m_Name: 
  m_EditorClassIdentifier: 
  itemId: 47
  indentLevel: 0
  targetObjects:
  - {fileID: 7031010738631031180}
  tweenType: 2
  waitUntilFinished:
    booleanRef: {fileID: 0}
    booleanVal: 1
  duration:
    floatRef: {fileID: 0}
    floatVal: 3
  fadeMode: 0
  targetColor:
    colorRef: {fileID: 0}
    colorVal: {r: 0, g: 0, b: 0, a: 1}
  targetAlpha:
    floatRef: {fileID: 0}
    floatVal: 0
--- !u!114 &1632407441724602446
MonoBehaviour:
  m_ObjectHideFlags: 0
  m_CorrespondingSourceObject: {fileID: 0}
  m_PrefabInstance: {fileID: 0}
  m_PrefabAsset: {fileID: 0}
  m_GameObject: {fileID: 9024594786468630833}
  m_Enabled: 1
  m_EditorHideFlags: 0
  m_Script: {fileID: 11500000, guid: 4bce3bd679be2c94196f3f6aaeb33f0b, type: 3}
  m_Name: 
  m_EditorClassIdentifier: 
  itemId: 41
  indentLevel: 0
--- !u!114 &1863661459729302662
MonoBehaviour:
  m_ObjectHideFlags: 0
  m_CorrespondingSourceObject: {fileID: 0}
  m_PrefabInstance: {fileID: 0}
  m_PrefabAsset: {fileID: 0}
  m_GameObject: {fileID: 9024594786468630833}
  m_Enabled: 1
  m_EditorHideFlags: 0
  m_Script: {fileID: 11500000, guid: b359b09a7ba2e4af981f07c07f8af85a, type: 3}
  m_Name: 
  m_EditorClassIdentifier: 
  itemId: 43
  indentLevel: 0
--- !u!114 &6442838525210641717
MonoBehaviour:
  m_ObjectHideFlags: 0
  m_CorrespondingSourceObject: {fileID: 0}
  m_PrefabInstance: {fileID: 0}
  m_PrefabAsset: {fileID: 0}
  m_GameObject: {fileID: 9024594786468630833}
  m_Enabled: 1
  m_EditorHideFlags: 0
  m_Script: {fileID: 11500000, guid: 5c6dd8d3a780f4d1ea772e3daf10c372, type: 3}
  m_Name: 
  m_EditorClassIdentifier: 
  itemId: 42
  indentLevel: 0
  targetObjects:
  - {fileID: 2197190352841924644}
  tweenType: 2
  waitUntilFinished:
    booleanRef: {fileID: 0}
    booleanVal: 1
  duration:
    floatRef: {fileID: 0}
    floatVal: 3
  fadeMode: 1
  targetColor:
    colorRef: {fileID: 0}
    colorVal: {r: 0, g: 0, b: 0, a: 1}
  targetAlpha:
    floatRef: {fileID: 0}
    floatVal: 1
--- !u!114 &8061558524142351356
MonoBehaviour:
  m_ObjectHideFlags: 0
  m_CorrespondingSourceObject: {fileID: 0}
  m_PrefabInstance: {fileID: 0}
  m_PrefabAsset: {fileID: 0}
  m_GameObject: {fileID: 9024594786468630833}
  m_Enabled: 1
  m_EditorHideFlags: 0
  m_Script: {fileID: 11500000, guid: 5c6dd8d3a780f4d1ea772e3daf10c372, type: 3}
  m_Name: 
  m_EditorClassIdentifier: 
  itemId: 46
  indentLevel: 0
  targetObjects:
  - {fileID: 2197190352841924644}
  tweenType: 2
  waitUntilFinished:
    booleanRef: {fileID: 0}
    booleanVal: 1
  duration:
    floatRef: {fileID: 0}
    floatVal: 3
  fadeMode: 1
  targetColor:
    colorRef: {fileID: 0}
    colorVal: {r: 0, g: 0, b: 0, a: 0}
  targetAlpha:
    floatRef: {fileID: 0}
    floatVal: 1
--- !u!114 &8228540081277017863
MonoBehaviour:
  m_ObjectHideFlags: 0
  m_CorrespondingSourceObject: {fileID: 0}
  m_PrefabInstance: {fileID: 0}
  m_PrefabAsset: {fileID: 0}
  m_GameObject: {fileID: 9024594786468630833}
  m_Enabled: 1
  m_EditorHideFlags: 0
  m_Script: {fileID: 11500000, guid: dbd8c931f22994b9d90e2037fffaa770, type: 3}
  m_Name: 
  m_EditorClassIdentifier: 
  itemId: 45
  indentLevel: 0
  _targetGameObject:
    gameObjectRef: {fileID: 0}
    gameObjectVal: {fileID: 1265919720342792709}
  activeState:
    booleanRef: {fileID: 0}
    booleanVal: 1
  targetGameObjectOLD: {fileID: 0}
--- !u!1001 &455840292652041441
PrefabInstance:
  m_ObjectHideFlags: 0
  serializedVersion: 2
  m_Modification:
    m_TransformParent: {fileID: 7468862355421897100}
    m_Modifications:
    - target: {fileID: 235815787210242330, guid: 5b9d63824da4f8e409d8262fc045b668, type: 3}
      propertyPath: _targetGameObject.gameObjectVal
      value: 
      objectReference: {fileID: 8314062590850571977}
    - target: {fileID: 5611516366710673482, guid: 5b9d63824da4f8e409d8262fc045b668, type: 3}
      propertyPath: nodeRect.x
      value: 208.24103
      objectReference: {fileID: 0}
    - target: {fileID: 5611516366710673482, guid: 5b9d63824da4f8e409d8262fc045b668, type: 3}
      propertyPath: commandList.Array.size
      value: 15
      objectReference: {fileID: 0}
    - target: {fileID: 5611516366710673482, guid: 5b9d63824da4f8e409d8262fc045b668, type: 3}
      propertyPath: commandList.Array.data[0]
      value: 
      objectReference: {fileID: 2624511451112118924}
    - target: {fileID: 5611516366710673482, guid: 5b9d63824da4f8e409d8262fc045b668, type: 3}
      propertyPath: commandList.Array.data[1]
      value: 
      objectReference: {fileID: 2368631949798729219}
    - target: {fileID: 5611516366710673482, guid: 5b9d63824da4f8e409d8262fc045b668, type: 3}
      propertyPath: commandList.Array.data[2]
      value: 
      objectReference: {fileID: 609397908357937382}
    - target: {fileID: 5611516366710673482, guid: 5b9d63824da4f8e409d8262fc045b668, type: 3}
      propertyPath: commandList.Array.data[3]
      value: 
      objectReference: {fileID: 9005894620007650735}
    - target: {fileID: 5611516366710673482, guid: 5b9d63824da4f8e409d8262fc045b668, type: 3}
      propertyPath: commandList.Array.data[4]
      value: 
      objectReference: {fileID: 4638034745038691796}
    - target: {fileID: 5611516366710673482, guid: 5b9d63824da4f8e409d8262fc045b668, type: 3}
      propertyPath: commandList.Array.data[5]
      value: 
      objectReference: {fileID: 8649961305238296813}
    - target: {fileID: 5611516366710673482, guid: 5b9d63824da4f8e409d8262fc045b668, type: 3}
      propertyPath: commandList.Array.data[6]
      value: 
      objectReference: {fileID: 5985530299502620628}
    - target: {fileID: 5611516366710673482, guid: 5b9d63824da4f8e409d8262fc045b668, type: 3}
      propertyPath: commandList.Array.data[7]
      value: 
      objectReference: {fileID: 7377614002678235535}
    - target: {fileID: 5611516366710673482, guid: 5b9d63824da4f8e409d8262fc045b668, type: 3}
      propertyPath: commandList.Array.data[8]
      value: 
      objectReference: {fileID: 7396630901635328692}
    - target: {fileID: 5611516366710673482, guid: 5b9d63824da4f8e409d8262fc045b668, type: 3}
      propertyPath: commandList.Array.data[9]
      value: 
      objectReference: {fileID: 1691841224931266613}
    - target: {fileID: 5611516366710673482, guid: 5b9d63824da4f8e409d8262fc045b668, type: 3}
      propertyPath: commandList.Array.data[10]
      value: 
      objectReference: {fileID: 8777346132551483428}
    - target: {fileID: 5611516366710673482, guid: 5b9d63824da4f8e409d8262fc045b668, type: 3}
      propertyPath: commandList.Array.data[11]
      value: 
      objectReference: {fileID: 2534793854996609518}
    - target: {fileID: 5611516366710673482, guid: 5b9d63824da4f8e409d8262fc045b668, type: 3}
      propertyPath: commandList.Array.data[12]
      value: 
      objectReference: {fileID: 4749928371239310621}
    - target: {fileID: 5611516366710673482, guid: 5b9d63824da4f8e409d8262fc045b668, type: 3}
      propertyPath: commandList.Array.data[13]
      value: 
      objectReference: {fileID: 366675450800225787}
    - target: {fileID: 5611516366710673482, guid: 5b9d63824da4f8e409d8262fc045b668, type: 3}
      propertyPath: commandList.Array.data[14]
      value: 
      objectReference: {fileID: 9132025870417969304}
    - target: {fileID: 5611516366710673482, guid: 5b9d63824da4f8e409d8262fc045b668, type: 3}
      propertyPath: commandList.Array.data[15]
      value: 
      objectReference: {fileID: 9132025870417969304}
    - target: {fileID: 5896532305523005817, guid: 5b9d63824da4f8e409d8262fc045b668, type: 3}
      propertyPath: m_Name
      value: W_Flowchart
      objectReference: {fileID: 0}
    - target: {fileID: 6663450834096719284, guid: 5b9d63824da4f8e409d8262fc045b668, type: 3}
      propertyPath: m_RootOrder
      value: 0
      objectReference: {fileID: 0}
    - target: {fileID: 6663450834096719284, guid: 5b9d63824da4f8e409d8262fc045b668, type: 3}
      propertyPath: m_LocalPosition.x
      value: 0
      objectReference: {fileID: 0}
    - target: {fileID: 6663450834096719284, guid: 5b9d63824da4f8e409d8262fc045b668, type: 3}
      propertyPath: m_LocalPosition.y
      value: 0
      objectReference: {fileID: 0}
    - target: {fileID: 6663450834096719284, guid: 5b9d63824da4f8e409d8262fc045b668, type: 3}
      propertyPath: m_LocalPosition.z
      value: 0
      objectReference: {fileID: 0}
    - target: {fileID: 6663450834096719284, guid: 5b9d63824da4f8e409d8262fc045b668, type: 3}
      propertyPath: m_LocalRotation.w
      value: 1
      objectReference: {fileID: 0}
    - target: {fileID: 6663450834096719284, guid: 5b9d63824da4f8e409d8262fc045b668, type: 3}
      propertyPath: m_LocalRotation.x
      value: 0
      objectReference: {fileID: 0}
    - target: {fileID: 6663450834096719284, guid: 5b9d63824da4f8e409d8262fc045b668, type: 3}
      propertyPath: m_LocalRotation.y
      value: 0
      objectReference: {fileID: 0}
    - target: {fileID: 6663450834096719284, guid: 5b9d63824da4f8e409d8262fc045b668, type: 3}
      propertyPath: m_LocalRotation.z
      value: 0
      objectReference: {fileID: 0}
    - target: {fileID: 6663450834096719284, guid: 5b9d63824da4f8e409d8262fc045b668, type: 3}
      propertyPath: m_LocalEulerAnglesHint.x
      value: 0
      objectReference: {fileID: 0}
    - target: {fileID: 6663450834096719284, guid: 5b9d63824da4f8e409d8262fc045b668, type: 3}
      propertyPath: m_LocalEulerAnglesHint.y
      value: 0
      objectReference: {fileID: 0}
    - target: {fileID: 6663450834096719284, guid: 5b9d63824da4f8e409d8262fc045b668, type: 3}
      propertyPath: m_LocalEulerAnglesHint.z
      value: 0
      objectReference: {fileID: 0}
    - target: {fileID: 6681745164398379692, guid: 5b9d63824da4f8e409d8262fc045b668, type: 3}
      propertyPath: selectedCommands.Array.size
      value: 1
      objectReference: {fileID: 0}
    - target: {fileID: 6681745164398379692, guid: 5b9d63824da4f8e409d8262fc045b668, type: 3}
      propertyPath: selectedCommands.Array.data[0]
      value: 
      objectReference: {fileID: 5985530299502620628}
    m_RemovedComponents:
    - {fileID: -5564420168243785598, guid: 5b9d63824da4f8e409d8262fc045b668, type: 3}
    - {fileID: 7778352181631445274, guid: 5b9d63824da4f8e409d8262fc045b668, type: 3}
    - {fileID: -8121197777550906437, guid: 5b9d63824da4f8e409d8262fc045b668, type: 3}
  m_SourcePrefab: {fileID: 100100000, guid: 5b9d63824da4f8e409d8262fc045b668, type: 3}
--- !u!114 &366675450800225787 stripped
MonoBehaviour:
  m_CorrespondingSourceObject: {fileID: 235815787210242330, guid: 5b9d63824da4f8e409d8262fc045b668, type: 3}
  m_PrefabInstance: {fileID: 455840292652041441}
  m_PrefabAsset: {fileID: 0}
  m_GameObject: {fileID: 6307230464491232664}
  m_Enabled: 1
  m_EditorHideFlags: 0
  m_Script: {fileID: 11500000, guid: dbd8c931f22994b9d90e2037fffaa770, type: 3}
  m_Name: 
  m_EditorClassIdentifier: 
--- !u!114 &1691841224931266613 stripped
MonoBehaviour:
  m_CorrespondingSourceObject: {fileID: 1236758123255305428, guid: 5b9d63824da4f8e409d8262fc045b668, type: 3}
  m_PrefabInstance: {fileID: 455840292652041441}
  m_PrefabAsset: {fileID: 0}
  m_GameObject: {fileID: 6307230464491232664}
  m_Enabled: 1
  m_EditorHideFlags: 0
  m_Script: {fileID: 11500000, guid: ec422cd568a9c4a31ad7c36d0572b9da, type: 3}
  m_Name: 
  m_EditorClassIdentifier: 
--- !u!114 &2534793854996609518 stripped
MonoBehaviour:
  m_CorrespondingSourceObject: {fileID: 2701629538890136847, guid: 5b9d63824da4f8e409d8262fc045b668, type: 3}
  m_PrefabInstance: {fileID: 455840292652041441}
  m_PrefabAsset: {fileID: 0}
  m_GameObject: {fileID: 6307230464491232664}
  m_Enabled: 1
  m_EditorHideFlags: 0
  m_Script: {fileID: 11500000, guid: ec422cd568a9c4a31ad7c36d0572b9da, type: 3}
  m_Name: 
  m_EditorClassIdentifier: 
--- !u!114 &4638034745038691796 stripped
MonoBehaviour:
  m_CorrespondingSourceObject: {fileID: 5048223274310736181, guid: 5b9d63824da4f8e409d8262fc045b668, type: 3}
  m_PrefabInstance: {fileID: 455840292652041441}
  m_PrefabAsset: {fileID: 0}
  m_GameObject: {fileID: 6307230464491232664}
  m_Enabled: 1
  m_EditorHideFlags: 0
  m_Script: {fileID: 11500000, guid: ec422cd568a9c4a31ad7c36d0572b9da, type: 3}
  m_Name: 
  m_EditorClassIdentifier: 
--- !u!114 &4749928371239310621 stripped
MonoBehaviour:
  m_CorrespondingSourceObject: {fileID: 5167980607590961660, guid: 5b9d63824da4f8e409d8262fc045b668, type: 3}
  m_PrefabInstance: {fileID: 455840292652041441}
  m_PrefabAsset: {fileID: 0}
  m_GameObject: {fileID: 6307230464491232664}
  m_Enabled: 1
  m_EditorHideFlags: 0
  m_Script: {fileID: 11500000, guid: ec422cd568a9c4a31ad7c36d0572b9da, type: 3}
  m_Name: 
  m_EditorClassIdentifier: 
--- !u!1 &6307230464491232664 stripped
GameObject:
  m_CorrespondingSourceObject: {fileID: 5896532305523005817, guid: 5b9d63824da4f8e409d8262fc045b668, type: 3}
  m_PrefabInstance: {fileID: 455840292652041441}
  m_PrefabAsset: {fileID: 0}
--- !u!114 &609397908357937382
MonoBehaviour:
  m_ObjectHideFlags: 0
  m_CorrespondingSourceObject: {fileID: 0}
  m_PrefabInstance: {fileID: 0}
  m_PrefabAsset: {fileID: 0}
  m_GameObject: {fileID: 6307230464491232664}
  m_Enabled: 1
  m_EditorHideFlags: 0
  m_Script: {fileID: 11500000, guid: 5c6dd8d3a780f4d1ea772e3daf10c372, type: 3}
  m_Name: 
  m_EditorClassIdentifier: 
  itemId: 26
  indentLevel: 0
  targetObjects:
  - {fileID: 2197190352841924644}
  tweenType: 2
  waitUntilFinished:
    booleanRef: {fileID: 0}
    booleanVal: 1
  duration:
    floatRef: {fileID: 0}
    floatVal: 1
  fadeMode: 1
  targetColor:
    colorRef: {fileID: 0}
    colorVal: {r: 1, g: 1, b: 1, a: 1}
  targetAlpha:
    floatRef: {fileID: 0}
    floatVal: 0
--- !u!114 &2368631949798729219
MonoBehaviour:
  m_ObjectHideFlags: 0
  m_CorrespondingSourceObject: {fileID: 0}
  m_PrefabInstance: {fileID: 0}
  m_PrefabAsset: {fileID: 0}
  m_GameObject: {fileID: 6307230464491232664}
  m_Enabled: 1
  m_EditorHideFlags: 0
  m_Script: {fileID: 11500000, guid: 82e4c082f762243f6943909a4272096d, type: 3}
  m_Name: 
  m_EditorClassIdentifier: 
  itemId: 27
  indentLevel: 0
  images:
  - {fileID: 2197190352736602825}
  sprite: {fileID: 21300000, guid: 2d45acd3e34e34946a0d5cf6f5d35239, type: 3}
--- !u!114 &2624511451112118924
MonoBehaviour:
  m_ObjectHideFlags: 0
  m_CorrespondingSourceObject: {fileID: 0}
  m_PrefabInstance: {fileID: 0}
  m_PrefabAsset: {fileID: 0}
  m_GameObject: {fileID: 6307230464491232664}
  m_Enabled: 1
  m_EditorHideFlags: 0
  m_Script: {fileID: 11500000, guid: 5c6dd8d3a780f4d1ea772e3daf10c372, type: 3}
  m_Name: 
  m_EditorClassIdentifier: 
  itemId: 25
  indentLevel: 0
  targetObjects:
  - {fileID: 2197190352841924644}
  tweenType: 2
  waitUntilFinished:
    booleanRef: {fileID: 0}
    booleanVal: 1
  duration:
    floatRef: {fileID: 0}
    floatVal: 1
  fadeMode: 1
  targetColor:
    colorRef: {fileID: 0}
    colorVal: {r: 0, g: 0, b: 0, a: 1}
  targetAlpha:
    floatRef: {fileID: 0}
    floatVal: 1
--- !u!114 &5985530299502620628
MonoBehaviour:
  m_ObjectHideFlags: 0
  m_CorrespondingSourceObject: {fileID: 0}
  m_PrefabInstance: {fileID: 0}
  m_PrefabAsset: {fileID: 0}
  m_GameObject: {fileID: 6307230464491232664}
  m_Enabled: 1
  m_EditorHideFlags: 0
  m_Script: {fileID: 11500000, guid: 5c6dd8d3a780f4d1ea772e3daf10c372, type: 3}
  m_Name: 
  m_EditorClassIdentifier: 
  itemId: 28
  indentLevel: 0
  targetObjects:
  - {fileID: 2197190352841924644}
  tweenType: 2
  waitUntilFinished:
    booleanRef: {fileID: 0}
    booleanVal: 1
  duration:
    floatRef: {fileID: 0}
    floatVal: 1
  fadeMode: 1
  targetColor:
    colorRef: {fileID: 0}
    colorVal: {r: 0, g: 0, b: 0, a: 1}
  targetAlpha:
    floatRef: {fileID: 0}
    floatVal: 1
--- !u!114 &7377614002678235535
MonoBehaviour:
  m_ObjectHideFlags: 0
  m_CorrespondingSourceObject: {fileID: 0}
  m_PrefabInstance: {fileID: 0}
  m_PrefabAsset: {fileID: 0}
  m_GameObject: {fileID: 6307230464491232664}
  m_Enabled: 1
  m_EditorHideFlags: 0
  m_Script: {fileID: 11500000, guid: 82e4c082f762243f6943909a4272096d, type: 3}
  m_Name: 
  m_EditorClassIdentifier: 
  itemId: 30
  indentLevel: 0
  images:
  - {fileID: 2197190352736602825}
  sprite: {fileID: 21300000, guid: cda352204e01b074d97d5c14889f121c, type: 3}
--- !u!114 &7396630901635328692
MonoBehaviour:
  m_ObjectHideFlags: 0
  m_CorrespondingSourceObject: {fileID: 0}
  m_PrefabInstance: {fileID: 0}
  m_PrefabAsset: {fileID: 0}
  m_GameObject: {fileID: 6307230464491232664}
  m_Enabled: 1
  m_EditorHideFlags: 0
  m_Script: {fileID: 11500000, guid: 5c6dd8d3a780f4d1ea772e3daf10c372, type: 3}
  m_Name: 
  m_EditorClassIdentifier: 
  itemId: 29
  indentLevel: 0
  targetObjects:
  - {fileID: 2197190352841924644}
  tweenType: 2
  waitUntilFinished:
    booleanRef: {fileID: 0}
    booleanVal: 1
  duration:
    floatRef: {fileID: 0}
    floatVal: 1
  fadeMode: 1
  targetColor:
    colorRef: {fileID: 0}
    colorVal: {r: 1, g: 1, b: 1, a: 1}
  targetAlpha:
    floatRef: {fileID: 0}
    floatVal: 1
--- !u!4 &6497055363262071125 stripped
Transform:
  m_CorrespondingSourceObject: {fileID: 6663450834096719284, guid: 5b9d63824da4f8e409d8262fc045b668, type: 3}
  m_PrefabInstance: {fileID: 455840292652041441}
  m_PrefabAsset: {fileID: 0}
--- !u!114 &8649961305238296813 stripped
MonoBehaviour:
  m_CorrespondingSourceObject: {fileID: 9104499088741604364, guid: 5b9d63824da4f8e409d8262fc045b668, type: 3}
  m_PrefabInstance: {fileID: 455840292652041441}
  m_PrefabAsset: {fileID: 0}
  m_GameObject: {fileID: 6307230464491232664}
  m_Enabled: 1
  m_EditorHideFlags: 0
  m_Script: {fileID: 11500000, guid: ec422cd568a9c4a31ad7c36d0572b9da, type: 3}
  m_Name: 
  m_EditorClassIdentifier: 
--- !u!114 &8777346132551483428 stripped
MonoBehaviour:
  m_CorrespondingSourceObject: {fileID: 9195257082699613381, guid: 5b9d63824da4f8e409d8262fc045b668, type: 3}
  m_PrefabInstance: {fileID: 455840292652041441}
  m_PrefabAsset: {fileID: 0}
  m_GameObject: {fileID: 6307230464491232664}
  m_Enabled: 1
  m_EditorHideFlags: 0
  m_Script: {fileID: 11500000, guid: ec422cd568a9c4a31ad7c36d0572b9da, type: 3}
  m_Name: 
  m_EditorClassIdentifier: 
--- !u!114 &9005894620007650735 stripped
MonoBehaviour:
  m_CorrespondingSourceObject: {fileID: 8838355112578355534, guid: 5b9d63824da4f8e409d8262fc045b668, type: 3}
  m_PrefabInstance: {fileID: 455840292652041441}
  m_PrefabAsset: {fileID: 0}
  m_GameObject: {fileID: 6307230464491232664}
  m_Enabled: 1
  m_EditorHideFlags: 0
  m_Script: {fileID: 11500000, guid: ec422cd568a9c4a31ad7c36d0572b9da, type: 3}
  m_Name: 
  m_EditorClassIdentifier: 
--- !u!114 &9132025870417969304 stripped
MonoBehaviour:
  m_CorrespondingSourceObject: {fileID: 8712215068154332281, guid: 5b9d63824da4f8e409d8262fc045b668, type: 3}
  m_PrefabInstance: {fileID: 455840292652041441}
  m_PrefabAsset: {fileID: 0}
  m_GameObject: {fileID: 6307230464491232664}
  m_Enabled: 1
  m_EditorHideFlags: 0
  m_Script: {fileID: 11500000, guid: dbd8c931f22994b9d90e2037fffaa770, type: 3}
  m_Name: 
  m_EditorClassIdentifier: 
--- !u!1001 &474305647180812474
PrefabInstance:
  m_ObjectHideFlags: 0
  serializedVersion: 2
  m_Modification:
    m_TransformParent: {fileID: 7468862355421897100}
    m_Modifications:
    - target: {fileID: 5573962283946472164, guid: 87a99239b73395c488f750c9d560c038, type: 3}
      propertyPath: selectedBlocks.Array.size
      value: 1
      objectReference: {fileID: 0}
    - target: {fileID: 5573962283946472164, guid: 87a99239b73395c488f750c9d560c038, type: 3}
      propertyPath: selectedCommands.Array.size
      value: 0
      objectReference: {fileID: 0}
    - target: {fileID: 5573962283946472164, guid: 87a99239b73395c488f750c9d560c038, type: 3}
      propertyPath: selectedCommands.Array.data[0]
      value: 
      objectReference: {fileID: 1240624798959730143}
    - target: {fileID: 7107704370223178316, guid: 87a99239b73395c488f750c9d560c038, type: 3}
      propertyPath: _targetGameObject.gameObjectVal
      value: 
      objectReference: {fileID: 9024594786468630833}
    - target: {fileID: 7737467492829018996, guid: 87a99239b73395c488f750c9d560c038, type: 3}
      propertyPath: m_RootOrder
      value: 1
      objectReference: {fileID: 0}
    - target: {fileID: 7737467492829018996, guid: 87a99239b73395c488f750c9d560c038, type: 3}
      propertyPath: m_LocalPosition.x
      value: 0
      objectReference: {fileID: 0}
    - target: {fileID: 7737467492829018996, guid: 87a99239b73395c488f750c9d560c038, type: 3}
      propertyPath: m_LocalPosition.y
      value: 0
      objectReference: {fileID: 0}
    - target: {fileID: 7737467492829018996, guid: 87a99239b73395c488f750c9d560c038, type: 3}
      propertyPath: m_LocalPosition.z
      value: 0
      objectReference: {fileID: 0}
    - target: {fileID: 7737467492829018996, guid: 87a99239b73395c488f750c9d560c038, type: 3}
      propertyPath: m_LocalRotation.w
      value: 1
      objectReference: {fileID: 0}
    - target: {fileID: 7737467492829018996, guid: 87a99239b73395c488f750c9d560c038, type: 3}
      propertyPath: m_LocalRotation.x
      value: 0
      objectReference: {fileID: 0}
    - target: {fileID: 7737467492829018996, guid: 87a99239b73395c488f750c9d560c038, type: 3}
      propertyPath: m_LocalRotation.y
      value: 0
      objectReference: {fileID: 0}
    - target: {fileID: 7737467492829018996, guid: 87a99239b73395c488f750c9d560c038, type: 3}
      propertyPath: m_LocalRotation.z
      value: 0
      objectReference: {fileID: 0}
    - target: {fileID: 7737467492829018996, guid: 87a99239b73395c488f750c9d560c038, type: 3}
      propertyPath: m_LocalEulerAnglesHint.x
      value: 0
      objectReference: {fileID: 0}
    - target: {fileID: 7737467492829018996, guid: 87a99239b73395c488f750c9d560c038, type: 3}
      propertyPath: m_LocalEulerAnglesHint.y
      value: 0
      objectReference: {fileID: 0}
    - target: {fileID: 7737467492829018996, guid: 87a99239b73395c488f750c9d560c038, type: 3}
      propertyPath: m_LocalEulerAnglesHint.z
      value: 0
      objectReference: {fileID: 0}
    - target: {fileID: 8499534504605486707, guid: 87a99239b73395c488f750c9d560c038, type: 3}
      propertyPath: m_Name
      value: X_Flowchart
      objectReference: {fileID: 0}
    m_RemovedComponents: []
  m_SourcePrefab: {fileID: 100100000, guid: 87a99239b73395c488f750c9d560c038, type: 3}
--- !u!114 &1240624798959730143 stripped
MonoBehaviour:
  m_CorrespondingSourceObject: {fileID: 1703072968309239141, guid: 87a99239b73395c488f750c9d560c038, type: 3}
  m_PrefabInstance: {fileID: 474305647180812474}
  m_PrefabAsset: {fileID: 0}
  m_GameObject: {fileID: 8314062590850571977}
  m_Enabled: 1
  m_EditorHideFlags: 0
  m_Script: {fileID: 11500000, guid: ec422cd568a9c4a31ad7c36d0572b9da, type: 3}
  m_Name: 
  m_EditorClassIdentifier: 
--- !u!4 &7922979400677075918 stripped
Transform:
  m_CorrespondingSourceObject: {fileID: 7737467492829018996, guid: 87a99239b73395c488f750c9d560c038, type: 3}
  m_PrefabInstance: {fileID: 474305647180812474}
  m_PrefabAsset: {fileID: 0}
--- !u!1 &8314062590850571977 stripped
GameObject:
  m_CorrespondingSourceObject: {fileID: 8499534504605486707, guid: 87a99239b73395c488f750c9d560c038, type: 3}
  m_PrefabInstance: {fileID: 474305647180812474}
  m_PrefabAsset: {fileID: 0}
--- !u!1001 &2197190353832844220
PrefabInstance:
  m_ObjectHideFlags: 0
  serializedVersion: 2
  m_Modification:
    m_TransformParent: {fileID: 7471835706778900661}
    m_Modifications:
    - target: {fileID: 8513337984255785289, guid: a1c4cae0747b6ed4dbb6aa0ec3cbace3, type: 3}
      propertyPath: m_Pivot.x
      value: 0
      objectReference: {fileID: 0}
    - target: {fileID: 8513337984255785289, guid: a1c4cae0747b6ed4dbb6aa0ec3cbace3, type: 3}
      propertyPath: m_Pivot.y
      value: 0
      objectReference: {fileID: 0}
    - target: {fileID: 8513337984255785289, guid: a1c4cae0747b6ed4dbb6aa0ec3cbace3, type: 3}
      propertyPath: m_RootOrder
      value: 2
      objectReference: {fileID: 0}
    - target: {fileID: 8513337984255785289, guid: a1c4cae0747b6ed4dbb6aa0ec3cbace3, type: 3}
      propertyPath: m_AnchorMax.x
      value: 0
      objectReference: {fileID: 0}
    - target: {fileID: 8513337984255785289, guid: a1c4cae0747b6ed4dbb6aa0ec3cbace3, type: 3}
      propertyPath: m_AnchorMax.y
      value: 0
      objectReference: {fileID: 0}
    - target: {fileID: 8513337984255785289, guid: a1c4cae0747b6ed4dbb6aa0ec3cbace3, type: 3}
      propertyPath: m_AnchorMin.x
      value: 0
      objectReference: {fileID: 0}
    - target: {fileID: 8513337984255785289, guid: a1c4cae0747b6ed4dbb6aa0ec3cbace3, type: 3}
      propertyPath: m_AnchorMin.y
      value: 0
      objectReference: {fileID: 0}
    - target: {fileID: 8513337984255785289, guid: a1c4cae0747b6ed4dbb6aa0ec3cbace3, type: 3}
      propertyPath: m_SizeDelta.x
      value: 0
      objectReference: {fileID: 0}
    - target: {fileID: 8513337984255785289, guid: a1c4cae0747b6ed4dbb6aa0ec3cbace3, type: 3}
      propertyPath: m_SizeDelta.y
      value: 0
      objectReference: {fileID: 0}
    - target: {fileID: 8513337984255785289, guid: a1c4cae0747b6ed4dbb6aa0ec3cbace3, type: 3}
      propertyPath: m_LocalPosition.x
      value: 0
      objectReference: {fileID: 0}
    - target: {fileID: 8513337984255785289, guid: a1c4cae0747b6ed4dbb6aa0ec3cbace3, type: 3}
      propertyPath: m_LocalPosition.y
      value: 0
      objectReference: {fileID: 0}
    - target: {fileID: 8513337984255785289, guid: a1c4cae0747b6ed4dbb6aa0ec3cbace3, type: 3}
      propertyPath: m_LocalPosition.z
      value: 0
      objectReference: {fileID: 0}
    - target: {fileID: 8513337984255785289, guid: a1c4cae0747b6ed4dbb6aa0ec3cbace3, type: 3}
      propertyPath: m_LocalRotation.w
      value: 1
      objectReference: {fileID: 0}
    - target: {fileID: 8513337984255785289, guid: a1c4cae0747b6ed4dbb6aa0ec3cbace3, type: 3}
      propertyPath: m_LocalRotation.x
      value: 0
      objectReference: {fileID: 0}
    - target: {fileID: 8513337984255785289, guid: a1c4cae0747b6ed4dbb6aa0ec3cbace3, type: 3}
      propertyPath: m_LocalRotation.y
      value: 0
      objectReference: {fileID: 0}
    - target: {fileID: 8513337984255785289, guid: a1c4cae0747b6ed4dbb6aa0ec3cbace3, type: 3}
      propertyPath: m_LocalRotation.z
      value: 0
      objectReference: {fileID: 0}
    - target: {fileID: 8513337984255785289, guid: a1c4cae0747b6ed4dbb6aa0ec3cbace3, type: 3}
      propertyPath: m_AnchoredPosition.x
      value: 0
      objectReference: {fileID: 0}
    - target: {fileID: 8513337984255785289, guid: a1c4cae0747b6ed4dbb6aa0ec3cbace3, type: 3}
      propertyPath: m_AnchoredPosition.y
      value: 0
      objectReference: {fileID: 0}
    - target: {fileID: 8513337984255785289, guid: a1c4cae0747b6ed4dbb6aa0ec3cbace3, type: 3}
      propertyPath: m_LocalEulerAnglesHint.x
      value: 0
      objectReference: {fileID: 0}
    - target: {fileID: 8513337984255785289, guid: a1c4cae0747b6ed4dbb6aa0ec3cbace3, type: 3}
      propertyPath: m_LocalEulerAnglesHint.y
      value: 0
      objectReference: {fileID: 0}
    - target: {fileID: 8513337984255785289, guid: a1c4cae0747b6ed4dbb6aa0ec3cbace3, type: 3}
      propertyPath: m_LocalEulerAnglesHint.z
      value: 0
      objectReference: {fileID: 0}
    - target: {fileID: 8513337984255785295, guid: a1c4cae0747b6ed4dbb6aa0ec3cbace3, type: 3}
      propertyPath: m_Name
      value: Dialogue
      objectReference: {fileID: 0}
    m_RemovedComponents: []
  m_SourcePrefab: {fileID: 100100000, guid: a1c4cae0747b6ed4dbb6aa0ec3cbace3, type: 3}
--- !u!224 &7518917043550741237 stripped
RectTransform:
  m_CorrespondingSourceObject: {fileID: 8513337984255785289, guid: a1c4cae0747b6ed4dbb6aa0ec3cbace3, type: 3}
  m_PrefabInstance: {fileID: 2197190353832844220}
  m_PrefabAsset: {fileID: 0}
--- !u!1001 &8634745459490418017
PrefabInstance:
  m_ObjectHideFlags: 0
  serializedVersion: 2
  m_Modification:
    m_TransformParent: {fileID: 8335685978448633586}
    m_Modifications:
    - target: {fileID: 4421487607208059788, guid: 3bfb0a80e6d641e448d493647ec1be18, type: 3}
      propertyPath: m_Name
      value: Credit Raw Image
      objectReference: {fileID: 0}
    - target: {fileID: 4421487607208059788, guid: 3bfb0a80e6d641e448d493647ec1be18, type: 3}
      propertyPath: m_IsActive
      value: 1
      objectReference: {fileID: 0}
    - target: {fileID: 4421487607208059791, guid: 3bfb0a80e6d641e448d493647ec1be18, type: 3}
      propertyPath: m_Pivot.x
      value: 0.5
      objectReference: {fileID: 0}
    - target: {fileID: 4421487607208059791, guid: 3bfb0a80e6d641e448d493647ec1be18, type: 3}
      propertyPath: m_Pivot.y
      value: 0.5
      objectReference: {fileID: 0}
    - target: {fileID: 4421487607208059791, guid: 3bfb0a80e6d641e448d493647ec1be18, type: 3}
      propertyPath: m_RootOrder
      value: 0
      objectReference: {fileID: 0}
    - target: {fileID: 4421487607208059791, guid: 3bfb0a80e6d641e448d493647ec1be18, type: 3}
      propertyPath: m_AnchorMax.x
      value: 0.5
      objectReference: {fileID: 0}
    - target: {fileID: 4421487607208059791, guid: 3bfb0a80e6d641e448d493647ec1be18, type: 3}
      propertyPath: m_AnchorMax.y
      value: 0.5
      objectReference: {fileID: 0}
    - target: {fileID: 4421487607208059791, guid: 3bfb0a80e6d641e448d493647ec1be18, type: 3}
      propertyPath: m_AnchorMin.x
      value: 0.5
      objectReference: {fileID: 0}
    - target: {fileID: 4421487607208059791, guid: 3bfb0a80e6d641e448d493647ec1be18, type: 3}
      propertyPath: m_AnchorMin.y
      value: 0.5
      objectReference: {fileID: 0}
    - target: {fileID: 4421487607208059791, guid: 3bfb0a80e6d641e448d493647ec1be18, type: 3}
      propertyPath: m_SizeDelta.x
      value: 1920
      objectReference: {fileID: 0}
    - target: {fileID: 4421487607208059791, guid: 3bfb0a80e6d641e448d493647ec1be18, type: 3}
      propertyPath: m_SizeDelta.y
      value: 1080
      objectReference: {fileID: 0}
    - target: {fileID: 4421487607208059791, guid: 3bfb0a80e6d641e448d493647ec1be18, type: 3}
      propertyPath: m_LocalPosition.x
      value: 0
      objectReference: {fileID: 0}
    - target: {fileID: 4421487607208059791, guid: 3bfb0a80e6d641e448d493647ec1be18, type: 3}
      propertyPath: m_LocalPosition.y
      value: 0
      objectReference: {fileID: 0}
    - target: {fileID: 4421487607208059791, guid: 3bfb0a80e6d641e448d493647ec1be18, type: 3}
      propertyPath: m_LocalPosition.z
      value: 0
      objectReference: {fileID: 0}
    - target: {fileID: 4421487607208059791, guid: 3bfb0a80e6d641e448d493647ec1be18, type: 3}
      propertyPath: m_LocalRotation.w
      value: 1
      objectReference: {fileID: 0}
    - target: {fileID: 4421487607208059791, guid: 3bfb0a80e6d641e448d493647ec1be18, type: 3}
      propertyPath: m_LocalRotation.x
      value: -0
      objectReference: {fileID: 0}
    - target: {fileID: 4421487607208059791, guid: 3bfb0a80e6d641e448d493647ec1be18, type: 3}
      propertyPath: m_LocalRotation.y
      value: -0
      objectReference: {fileID: 0}
    - target: {fileID: 4421487607208059791, guid: 3bfb0a80e6d641e448d493647ec1be18, type: 3}
      propertyPath: m_LocalRotation.z
      value: -0
      objectReference: {fileID: 0}
    - target: {fileID: 4421487607208059791, guid: 3bfb0a80e6d641e448d493647ec1be18, type: 3}
      propertyPath: m_AnchoredPosition.x
      value: 0
      objectReference: {fileID: 0}
    - target: {fileID: 4421487607208059791, guid: 3bfb0a80e6d641e448d493647ec1be18, type: 3}
      propertyPath: m_AnchoredPosition.y
      value: 0
      objectReference: {fileID: 0}
    - target: {fileID: 4421487607208059791, guid: 3bfb0a80e6d641e448d493647ec1be18, type: 3}
      propertyPath: m_LocalEulerAnglesHint.x
      value: 0
      objectReference: {fileID: 0}
    - target: {fileID: 4421487607208059791, guid: 3bfb0a80e6d641e448d493647ec1be18, type: 3}
      propertyPath: m_LocalEulerAnglesHint.y
      value: 0
      objectReference: {fileID: 0}
    - target: {fileID: 4421487607208059791, guid: 3bfb0a80e6d641e448d493647ec1be18, type: 3}
      propertyPath: m_LocalEulerAnglesHint.z
      value: 0
      objectReference: {fileID: 0}
    m_RemovedComponents: []
  m_SourcePrefab: {fileID: 100100000, guid: 3bfb0a80e6d641e448d493647ec1be18, type: 3}
--- !u!224 &5370684059254673134 stripped
RectTransform:
  m_CorrespondingSourceObject: {fileID: 4421487607208059791, guid: 3bfb0a80e6d641e448d493647ec1be18, type: 3}
  m_PrefabInstance: {fileID: 8634745459490418017}
  m_PrefabAsset: {fileID: 0}
